 Dungeon Crawl Stone Soup version 0.30-a0-121-gb27577e5d9 (webtiles) character file.

Game seed: 16957562922698223058

643268 mdonais the Conqueror (level 27, -13/290 HPs)
             Began as an Ogre Warper on Sept 13, 2022.
             Was the Champion of the Shining One.
             Killed from afar by an ancient lich (18 damage)
             ... with a bolt of acid
             ... on level 5 of the Realm of Zot on Sept 15, 2022.
             The game lasted 05:02:46 (96341 turns).

mdonais the Conqueror (Ogre Warper)                Turns: 96341, Time: 05:02:47

Health: -13/290    AC: 40    Str: 40      XL:     27
Magic:  1/51       EV:  7    Int: 10 (12) God:    the Shining One [******]
Gold:   3564       SH: 14    Dex:  5 (6)  Spells: 32/56 levels left

rFire   + + .      SeeInvis +    a - +3 giant club "Skullcrusher" {speed, Str+7}
rCold   + + .      Faith    .    (shield currently unavailable)
rNeg    + + +      Spirit   .    z - +12 gold dragon scales
rPois   +          Reflect  .    v - +2 hat
rElec   +          Harm     .    K - +2 cloak {Will+}
rCorr   +          Rampage  .    (gloves unavailable)
Will    +++..      Rnd*Tele +    (boots unavailable)
Stlth   ..........               n - amulet of magic regeneration
HPRegen 0.00/turn                h - ring of Tautedif {rElec rCorr SInv}
MPRegen 0.72/turn                g - ring "Mounih" {+Blink MP+9 AC+4 Str+2}

@: mighty, brilliant, lethally poisoned (-13 -> -14), divinely shielded,
resistant, inhibited regen, hasted, glowing, unable to read, unable to drink,
very quick
A: large, unfitting armour, tough skin 1, clumsy 1, deformed body, dopey 2,
frail 1, inhibited regeneration, teleportitis 1, inability to read after injury
2
}: 4/15 runes: decaying, serpentine, slimy, silver
a: Renounce Religion, Evoke Blink, Divine Shield, Cleansing Flame, Summon Divine
Warrior


You were on level 5 of the Realm of Zot.
You worshipped the Shining One.
The Shining One was exalted by your worship.
You visited 12 branches of the dungeon, and saw 56 of its levels.
You also visited: Gauntlet and Wizlab.

You collected 6844 gold pieces.
You spent 3280 gold pieces at shops.

Inventory:

Hand Weapons
 a - the +3 giant club "Skullcrusher" (weapon) {speed, Str+7}
   (You bought it in a shop on level 2 of the Snake Pit)

   Attacks with this weapon are significantly faster.
   Str:       It affects your strength (+7).
 b - a +7 giant spiked club of holy wrath
   (You took it off an ogre on level 1 of the Orcish Mines)
Missiles
 w - 87 large rocks
 Z - 2 throwing nets (quivered) {=!f}
Armour
 j - the +4 dragonskin cloak
   (You took it off Tiamat on level 1 of the Realm of Zot)

   It grants the wearer a chance to resist fire, cold, poison, electricity,
   acid, and negative energy.
 o - a +2 cloak of preservation
   (You took it off a draconian shifter on level 1 of the Realm of Zot)
 v - a +2 hat (worn)
   (You found it on level 5 of the Pits of Slime)
 z - +12 gold dragon scales (worn)
   (You found it on level 3 of the Depths)
 K - a +2 cloak of willpower (worn)
   (You took it off Nikola on level 1 of the Vaults)
Jewellery
 f - a ring of protection from fire
   (You found it on level 1 of the Lair of Beasts)
 g - the ring "Mounih" (right hand) {+Blink MP+9 AC+4 Str+2}
   (You found it in a Gauntlet)

   [ring of protection]

   AC:        It affects your AC (+4).
   Str:       It affects your strength (+2).
   MP:        It affects your magic capacity (+9).
   +Blink:    It lets you blink.
 h - the ring of Tautedif (left hand) {rElec rCorr SInv}
   (You took it off a deep elf annihilator on level 3 of the Elven Halls)

   [ring of see invisible]

   rElec:     It insulates you from electricity.
   SInv:      It lets you see invisible.
   rCorr:     It protects you from acid and corrosion.
 n - an amulet of magic regeneration (around neck)
   (You found it on level 10 of the Dungeon)
 p - a ring of willpower
   (You took it off a naga ritualist on level 3 of the Snake Pit)
 q - a ring of flight
   (You took it off an orc on level 5 of the Dungeon)
 r - an amulet of regeneration
   (You found it on level 5 of the Dungeon)
 R - the ring of Wiogaly {rC+ Will- Str+9 Slay+2 SInv}
   (You took it off a death knight on level 11 of the Dungeon)

   [ring of protection from cold]

   Str:       It affects your strength (+9).
   Slay:      It affects your accuracy & damage with ranged weapons and melee
   (+2).
   rC:        It protects you from cold.
   SInv:      It lets you see invisible.
   Will:      It decreases your willpower.
Wands
 u - a wand of roots (47)
   (You took it off Crazy Yiuf on level 6 of the Dungeon)
 A - a wand of acid (38)
   (You found it on level 4 of the Lair of Beasts)
 D - a wand of digging (22)
   (You found it on level 14 of the Dungeon)
Scrolls
 c - 2 scrolls of poison
 k - 4 scrolls of immolation
 l - 4 scrolls of silence
 B - 10 scrolls of blinking
 F - 3 scrolls of enchant armour
 L - 3 scrolls of fear
 M - 3 scrolls of magic mapping
 P - 12 scrolls of butterflies
 T - 19 scrolls of teleportation
Potions
 d - 17 potions of heal wounds
 e - 4 potions of ambrosia
 i - 16 potions of lignification
 m - 10 potions of cancellation
 s - 15 potions of might
 t - 5 potions of magic
 E - 9 potions of mutation
 H - 5 potions of haste
 I - 3 potions of resistance
 J - 4 potions of attraction
 N - 3 potions of berserk rage
 O - 14 potions of brilliance
 Q - 28 potions of curing
Miscellaneous
 U - a phial of floods
   (You found it on level 3 of the Elven Halls)
 X - a box of beasts (inert)
   (You found it on level 3 of the Elven Halls)
 Y - a tin of tremorstones (2/2)
   (You found it on level 3 of the Elven Halls)


   Skills:
 O Level 27 Fighting
 - Level 23.0 Maces & Flails
 - Level 2.0 Throwing
 + Level 21.7 Armour
 - Level 9.0 Dodging
 - Level 15.0 Spellcasting
 - Level 15.0 Translocations
 - Level 3.0 Transmutations
 - Level 3.0 Earth Magic
 - Level 21.0 Invocations
 - Level 3.0 Evocations


You had 32 spell levels left.
You knew the following spells:

 Your Spells              Type           Power      Damage    Failure   Level
a - Blink                 Tloc           100%       N/A       1%          2
b - Teleport Other        Tloc           54%        N/A       1%          3
c - Manifold Assault      Tloc           54%        N/A       1%          4
d - Passwall              Tmut/Erth      16%        N/A       19%         2
e - Lesser Beckoning      Tloc           54%        N/A       1%          3
f - Swiftness             Air            11%        N/A       77%         3
g - Apportation           Tloc           100%       N/A       1%          1
h - Dispersal             Tloc           27%        N/A       14%         6

Your spell library contained the following spells:

 Spells                   Type           Power      Damage    Failure   Level
 Gell's Gravitas          Tloc           54%        N/A       1%          3
 Passage of Golubria      Tloc           54%        N/A       1%          4
 Portal Projectile        Hex/Tloc       66%        N/A       6%          3
 Beastly Appendage        Tmut           40%        N/A       12%         1
 Sandblast                Erth           40%        2d10      12%         1
 Wereblood                Tmut           20%        N/A       19%         2
 Sting                    Tmut/Pois      60%        1d6       22%         1
 Magic Dart               Conj           44%        1d5       38%         1
 Necrotise                Necr           44%        1d6       38%         1
 Shock                    Conj/Air       44%        1d5       38%         1
 Summon Small Mammal      Summ           44%        N/A       38%         1
 Summon Forest            Summ/Tloc      16%        N/A       47%         5
 Ensorcelled Hibernation  Hex/Ice        22%        N/A       54%         2
 Poisonous Vapours        Pois/Air       22%        N/A       54%         2
 Static Discharge         Conj/Air       22%        3-5/arc   54%         2
 Sublimation of Blood     Necr           11%        N/A       54%         2
 Spider Form              Tmut/Pois      15%        N/A       56%         3
 Stone Arrow              Conj/Erth      30%        3d8       56%         3
 Ignite Poison            Fire/Tmut/Pois 14%        N/A       63%         3
 Call Canine Familiar     Summ           11%        N/A       77%         3
 Confusing Touch          Hex            11%        N/A       77%         3
 Dazzling Flash           Conj/Hex       22%        N/A       77%         3
 Frozen Ramparts          Ice            22%        1d4       77%         3
 Mephitic Cloud           Conj/Pois/Air  11%        N/A       77%         3
 Ozocubu's Armour         Ice            11%        N/A       77%         3
 Summon Guardian Golem    Hex/Summ       11%        N/A       77%         3
 Tukima's Dance           Hex            11%        N/A       77%         3
 Petrify                  Tmut/Erth      20%        N/A       77%         4
 Animate Armour           Summ/Erth      30%        N/A       92%         4
 Ice Form                 Ice/Tmut       15%        N/A       92%         4
 Leda's Liquefaction      Hex/Erth       7%         N/A       92%         4
 Blade Hands              Tmut           10%        N/A       98%         5
 Lee's Rapid Deconstruct  Erth           10%        3d9*      98%         5
 Airstrike                Air            5%         2d(1-17)  99%         4
 Anguish                  Hex/Necr       5%         N/A       99%         4
 Cause Fear               Hex            5%         N/A       99%         4
 Dispel Undead            Necr           11%        3d9       99%         4
 Olgreb's Toxic Radiance  Pois           11%        N/A       99%         4
 Sticky Flame             Conj/Fire      11%        2d3       99%         4
 Summon Ice Beast         Ice/Summ       11%        N/A       99%         4
 Summon Lightning Spire   Summ/Air       11%        N/A       99%         4
 Irradiate                Conj/Tmut      7%         3d14      99%         5
 Yara's Violent Unravell  Hex/Tmut       7%         3d5       99%         5
 Disjunction              Tloc           27%        N/A       99%         8
 Agony                    Necr           11%        N/A       100%        5
 Arcjolt                  Conj/Air       5%         1d15      100%        5
 Freezing Cloud           Conj/Ice/Air   5%         6-21      100%        5
 Iskenderun's Battlesphe  Conj           11%        2d7       100%        5
 Lightning Bolt           Conj/Air       5%         1d17      100%        5
 Metabolic Englaciation   Hex/Ice        5%         N/A       100%        5
 Silence                  Hex/Air        5%         N/A       100%        5
 Summon Mana Viper        Hex/Summ       11%        N/A       100%        5
 Conjure Ball Lightning   Conj/Air       5%         3x3d6     100%        6
 Eringya's Noxious Bog    Tmut/Pois      7%         N/A       100%        6
 Iron Shot                Conj/Erth      7%         9d2       100%        6
 Statue Form              Tmut/Erth      13%        N/A       100%        6
 Summon Cactus Giant      Summ           5%         N/A       100%        6
 Dragon Form              Tmut           10%        N/A       100%        7
 Enfeeble                 Hex            5%         N/A       100%        7
 Monstrous Menagerie      Summ           5%         N/A       100%        7
 Orb of Destruction       Conj           5%         9d5       100%        7
 Ozocubu's Refrigeration  Ice            5%         4d8       100%        7
 Spellforged Servitor     Conj/Summ      5%         N/A       100%        7
 Storm Form               Tmut/Air       7%         N/A       100%        7
 Summon Hydra             Summ           5%         N/A       100%        7
 Lehudib's Crystal Spear  Conj/Erth      7%         10d3      100%        8
 Maxwell's Capacitive Co  Air            5%         ∞         100%        8
 Dragon's Call            Summ           5%         N/A       100%        9
 Shatter                  Erth           10%        3d11*     100%        9


Dungeon Overview and Level Annotations

Branches:
Dungeon (15/15) Zot: 23369  Temple (1/1) D:4 Zot: 5714    Lair (5/5) D:8 Zot: 20480
  Swamp (4/4) Lair:3 Zot: 18209   Snake (4/4) Lair:3 Zot: 14058   Slime (5/5) Lair:5 Zot: 25678
    Orc (2/2) D:10 Zot: 9585     Elf (3/3) Orc:2 Zot: 12614  Vaults (5/5) D:13 Zot: 14488
  Crypt (3/3) Vaults:2 Zot: 13057    Tomb (0/3) Crypt:3      Depths (4/4) D:15 Zot: 15398
    Zot (5/5) Depths:4 Zot: 24220  WizLab (visited)         Gauntlet (visited)

Altars:
Ashenzari
Cheibriados
Dithmenos
Elyvilon
Fedhas
Gozag
Hepliaklqana
Kikubaaqudgha
Makhleb
Nemelex Xobeh
Okawaru
Qazlal
Ru
Sif Muna
Trog
Uskayaw
Vehumet
Wu Jian
Xom
Yredelemnul
Zin
The Shining One
Jiyva

Shops:
Orc:2 ?!:(   Elf:1 =[*   Snake:2 (   Snake:3 !   Depths:1 *(::=(   Depths:3 ?!
Depths:4 *

Portals:
Hell: Depths:1 Depths:2 Depths:3 Depths:4
Abyss: Depths:1 Depths:2 Depths:3 Depths:4
Pandemonium: Depths:2
Ziggurat: Depths:2
Trove: D:11 (give 2 scrolls of acquirement)

Annotations:
D:2 gnolls
D:4 bear


Innate Abilities, Weirdness & Mutations

You are too large for most types of armour.
You have tough skin. (AC +1)
You are clumsy. (Dex -2)
Armour fits poorly on your strangely shaped body.
You are very dopey. (Int -4)
You are frail. (-10% HP)
You do not regenerate when monsters are visible.
You are occasionally teleported next to monsters.
You sometimes lose the ability to read scrolls when taking damage.


Message History

You kill the Orb Guardian!
The golden flame engulfs the orb of fire!!!
The orb of fire is moderately damaged.
The golden flame engulfs the Orb Guardian.
The Orb Guardian is lightly wounded.
You hear a roar!
An Orb Guardian comes into view.
The electric golem crackles and sizzles.
The Killer Klown teases you but does no damage.
Your daeva calls down the wrath of the Shining One upon the orb of fire.
The orb of fire is smitten.
You now have 5/51 mp.
Casting: Manifold Assault (mildly dangerous; 1% risk of failure)
Confirm with . or Enter, or press ? or * to list all spells.
You feel a surge of power!
Space momentarily warps into an impossible shape!
You bludgeon the Killer Klown!! You sock the tormentor!
You bludgeon the dread lich!!
You feel sick.
The tormentor calls on the powers of darkness!
The Orb Guardian convulses! x4; Your body is wracked with pain!
* * * LOW HITPOINT WARNING * * *
Your daeva convulses!
The Killer Klown convulses!
You take 18 damage, and have 36/323 hp.
You now have 4/51 mp.
Casting: Manifold Assault (mildly dangerous; 1% risk of failure)
Confirm with . or Enter, or press ? or * to list all spells.
You feel a surge of power!
Space momentarily warps into an impossible shape!
You pound the Orb Guardian like an anvil!!!
You kill the Orb Guardian!
You hammer the dread lich like a gong!!!
You destroy the dread lich!
The Shining One accepts your kill.
You feel better.
You feel your power returning.
The tormentor disappears in a puff of smoke!
You sock the electric golem!
You hear a shout!
The orb of fire emits a lurid red light.
Strange energies course through your body.
You feel stupid.
You feel your dexterity returning.
You regained 13 hp, and now have 49/323 hp.
You regained 4 mp, and now have 8/51 mp.
Casting: Manifold Assault (mildly dangerous; 1% risk of failure)
Confirm with . or Enter, or press ? or * to list all spells.
You feel a surge of power!
Space momentarily warps into an impossible shape!
You closely miss the orb of fire. You barely miss the Orb Guardian.
You beat the ancient lich like a drum!!!
You feel sick.
The orb of fire glows yellow.
Strange energies course through your body.
You feel frail.
The Killer Klown eye-gouges you but does no damage.
You block the Orb Guardian's attack.
You take 1 damage, and have 48/290 hp.
You now have 6/51 mp.
Casting: Manifold Assault (mildly dangerous; 1% risk of failure)
Confirm with . or Enter, or press ? or * to list all spells.
You feel a surge of power!
Space momentarily warps into an impossible shape!
You hit the Orb Guardian. You thump the orb of fire! You sock the Killer Klown!
Your daeva hits the orb of fire with a +2 eudemon blade of holy wrath!
The orb of fire is destroyed!
You feel your strength returning.
Your box of beasts has recharged.
You now have 4/51 mp.
Casting: Manifold Assault (mildly dangerous; 1% risk of failure)
Confirm with . or Enter, or press ? or * to list all spells.
You feel a surge of power!
Space momentarily warps into an impossible shape!
You hammer the electric golem like a gong!!!!
You bludgeon the Orb Guardian!! You closely miss the orb of fire.
You now have 2/51 mp.
Okay, then.
You open the lid... ...and a larval oxfire beast leaps out!
The box is emptied!
You feel sick.
An electric golem comes into view.
The Killer Klown pinches you but does no damage.
The Orb Guardian barely misses you.
The electric golem blinks!
Your daeva calls down the wrath of the Shining One upon the orb of fire.
The orb of fire is smitten.
The electric golem blinks!
You take 1 damage, and have 47/290 hp.
Casting: Manifold Assault (mildly dangerous; 1% risk of failure)
Confirm with . or Enter, or press ? or * to list all spells.
You feel a surge of power!
Space momentarily warps into an impossible shape!
You thump the Killer Klown! You bludgeon the Orb Guardian!! x2
The Killer Klown pies you viciously! The klown pie hits you!!
Lemon!
You feel unable to drink.
* * * LOW HITPOINT WARNING * * *
You block the Orb Guardian's attack.
The electric golem hurls lightning at you.
The bolt of lightning hits the orb of fire.
The orb of fire completely resists.
The bolt of lightning hits you. You resist.
* * * LOW HITPOINT WARNING * * *
The bolt of lightning hits your daeva!!!
Your daeva dies!
Your daeva dissolves into sparkling lights!
You take 28 damage, and have 19/290 hp.
You now have 1/51 mp.
You cannot drink potions in your current state!
You cannot drink potions in your current state!
You cannot drink potions in your current state!
Okay, then.
You cannot drink potions in your current state!
You cannot read scrolls in your current state!
Unknown command.
Unknown command.
Okay, then.
Casting: Manifold Assault (mildly dangerous; 1% risk of failure)
Confirm with . or Enter, or press ? or * to list all spells.
You don't have enough magic to cast this spell.
Unknown command.
Unknown command.
Casting: Manifold Assault (mildly dangerous; 1% risk of failure)
Confirm with . or Enter, or press ? or * to list all spells.
You feel a surge of power!
You blink.
Found 9 gold pieces.
You feel sick.
An Orb Guardian comes into view.
The ancient lich casts a spell at you. The bolt of acid hits you! You resist.
* * * LOW HITPOINT WARNING * * *
You take 11 damage, and have 8/290 hp.
You cannot drink potions in your current state!
You cannot drink potions in your current state!
You cannot drink potions in your current state!
You cannot read scrolls in your current state!
Unknown command.
Unknown command.
Unknown command.
Unknown command.
Unknown command.
You cannot read scrolls in your current state!
Unknown command.
Casting: Blink (safe; 1% risk of failure)
Confirm with . or Enter, or press ? or * to list all spells.
You don't have enough magic to cast this spell.
Throw: 3 throwing nets {=!f}
Press: ? - help, Q - select action, (/) - cycle Shift-Dir - straight line, f - ancient lich
Aim: an ancient lich (heavily damaged, haloed, 83% to hit)
You throw a throwing net {=!f}.
The throwing net {=!f} barely misses the ancient lich.
The electric golem hurls lightning at you.
The bolt of lightning hits you. You resist.
* * * LOW HITPOINT WARNING * * *
You take 2 damage, and have 6/290 hp.
You hammer the Orb Guardian like a gong!!!
You kill the Orb Guardian!
You feel sick.
The electric golem blinks!
The ancient lich points at you and mumbles some strange words.
The bolt of acid hits you!! You resist.
You die...

▓▓▓)......
▓▓..........
▓.9.H....... .
▓.[§........ ..
▓.)p*X..9...
$..▓..........(
.......X.......
..▓...§..L....
...▓▓...@.....X. ..▓
▓........... ▓▓
#.........D.
##.......... ......
##▓........ ......
▓▓▓▓..... ..§...
#▓▓▓▓▓▓▓▓▓▓▓##X.§.. #
###..1...............
##
##....##.....§...§....


You could see an orb of fire, a Killer Klown (ally target), 2 electric golems, a
shadow dragon, an ancient lich, 3 Orb Guardians and a friendly larval oxfire
beast (summoned).

Vanquished Creatures
  the Royal Jelly (Slime:5)
  5 dread liches
  An orb of fire (Zot:5)
  A Killer Klown (Zot:3)
  Vv (Depths:4)
  A Head Instructor (WizLab)
  Xtahua (Crypt:1)
  A curse toe (Zot:4)
  5 caustic shrikes (Depths:4)
  Nikola (Vaults:1)
  Jory (Crypt:3)
  10 golden dragons
  4 bone dragons
  An electric golem (Zot:2)
  16 tentacled monstrosities
  A walking crystal tome (Depths:2)
  Jorgrun (Swamp:2)
  Rupert (D:13)
  21 Orb Guardians (Zot:5)
  5 liches
  6 quicksilver dragons
  3 titans
  3 deep elf blademasters
  2 deep elf master archers (Elf:3)
  14 death cobs
  18 acid blobs
  6 sphinxes
  5 ancient champions
  A thorn hunter (Swamp:2)
  5 tengu reavers
  Kirke (Snake:4)
  4 draconian monks
  9 shadow dragons
  10 storm dragons
  3 revenants (Crypt:1)
  Donald (Swamp:4)
  Roxanne (Elf:3)
  13 nagarajas (Snake:4)
  13 azure jellies
  A fenstrider witch (Swamp:4)
  7 frost giants
  8 fire giants
  12 rockslimes
  7 draconian knights
  2 deep elf sorcerers (Elf:3)
  An iron dragon (Vaults:5)
  2 ghost moths
  23 vault wardens
  5 draconian scorchers
  An orc warlord (Vaults:3)
  5 curse skulls
  6 draconian stormcallers
  A caustic shrike zombie (Crypt:2)
  Aizul (Vaults:2)
  13 ironbound preservers
  4 deep elf elementalists (Elf:3)
  2 war gargoyles
  7 draconian annihilators
  9 ghouls
  2 reapers (Crypt:1)
  A caustic shrike skeleton (Crypt:2)
  The ghost of Hihis the Impaler, a journeyman MfBe of Trog (Lair:4)
  7 draconian shifters
  7 quicksilver oozes
  16 stone giants
  9 ironbound thunderhulks
  A spriggan defender (Depths:3)
  24 vampire knights
  18 very ugly things
  5 deep elf demonologists
  7 eleionomae
  12 purple draconians
  13 dire elephants
  9 deep elf annihilators
  10 black draconians
  10 green draconians
  8 white draconians
  4 entropy weavers
  2 minotaurs
  13 red draconians
  2 bunyips
  7 yellow draconians
  8 eidola
  3 spark wasps (Depths:1)
  A crystal guardian (Vaults:1)
  10 deep elf death magi
  16 ettins
  Josephine (Lair:3)
  8 fire dragons
  6 deep elf high priests
  A blizzard demon (Depths:2)
  An elf zombie (Crypt:3)
  17 jiangshi
  18 yaktaur captains
  15 ice dragons
  5 rakshasas
  A spriggan zombie (Crypt:3)
  14 great orbs of eyes
  27 vault guards
  3 peacekeepers
  5 hydras
  4 ogre magi
  2 salamander tyrants (Snake:4)
  7 spriggan air magi
  12 ironbound frosthearts
  12 alligators
  13 boulder beetles
  12 anacondas
  18 centaur warriors
  2 ghost crabs (Swamp:1)
  A two-headed ogre (shapeshifter) (Elf:2)
  9 deep troll shamans
  7 death knights
  A fenstrider witch skeleton (Crypt:1)
  28 dancing weapons
  8 deep troll earth magi
  16 naga warriors
  5 death yaks
  A two-headed ogre (D:11)
  3 tengu warriors
  10 naga sharpshooters
  An emperor scorpion zombie (Crypt:3)
  A shock serpent (shapeshifter) (Vaults:3)
  8 spriggan berserkers
  Urug (D:11)
  12 vampire magi
  3 shock serpents
  10 hell knights
  An orc high priest (Orc:1)
  2 titan skeletons
  10 deep elf knights
  Amaemon (Lair:2)
  A golden dragon zombie (Crypt:2)
  8 soul eaters
  A storm dragon skeleton (Crypt:1)
  A storm dragon zombie (Crypt:3)
  14 iron trolls
  50 skeletal warriors
  11 spriggans
  A death drake (Swamp:3)
  6 salamander mystics
  9 naga ritualists
  2 goliath frogs
  2 spriggan druids (Swamp:3)
  6 flayed ghosts
  28 phantasmal warriors
  A swamp dragon (shapeshifter) (Vaults:5)
  14 wizards
  4 swamp dragons
  8 bog bodies
  5 glowing orange brains
  A tengu zombie (Depths:2)
  31 deep trolls
  A bunyip skeleton (Crypt:3)
  17 ironbound convokers
  7 deep elf archers
  25 deep elf pyromancers
  9 necromancers
  12 lindwurms
  13 orc knights
  A mana viper (shapeshifter) (Vaults:5)
  11 harpies
  7 shining eyes
  13 deep elf zephyrmancers
  A wolf spider (Gauntlet)
  11 mana vipers
  7 orc sorcerers
  A frost giant zombie (Crypt:2)
  5 will-o-the-wisps
  A manticore (shapeshifter) (Vaults:5)
  4 manticores
  A stone giant zombie (Crypt:3)
  5 cyclopes
  A cyclops (shapeshifter) (Depths:3)
  48 ugly things
  20 salamanders
  A black mamba (shapeshifter) (D:11)
  20 moths of wrath
  4 guardian serpents
  8 elephants
  A moth of wrath (shapeshifter) (Depths:4)
  A frost giant skeleton (Crypt:3)
  A titan simulacrum (Depths:2)
  2 centaur zombies (Crypt:3)
  7 torpor snails
  A water nymph (shapeshifter) (Depths:4)
  A dire elephant zombie (Crypt:3)
  44 black mambas
  A stone giant skeleton (Crypt:2)
  19 vault sentinels
  22 naga magi
  3 gargoyles
  An alligator snapping turtle zombie (Crypt:2)
  5 eyes of devastation
  2 rime drakes
  2 orange demons
  An orb spider zombie (Crypt:3)
  12 cane toads
  An efreet (D:15)
  An unseen horror (D:7)
  A pale draconian zombie (Crypt:3)
  5 freezing wraiths
  5 tengu conjurers
  An anaconda simulacrum (Crypt:2)
  A hellwing (Depths:2)
  6 komodo dragons
  38 yaktaurs
  A hydra zombie (Crypt:3)
  A minotaur skeleton (Crypt:2)
  5 guardian mummies (Crypt:3)
  A red devil (Depths:2)
  3 bloated husks
  2 harpy zombies (Crypt:3)
  An ice devil (Depths:2)
  A yaktaur skeleton (Vaults:3)
  12 polar bears
  2 slime creatures (shapeshifter)
  7 trolls
  17 tyrant leeches
  19 hornets
  2 raiju (Lair:5)
  2 harpy skeletons
  18 blink frogs
  A boulder beetle zombie (Crypt:1)
  Prince Ribbit (D:5)
  2 ettin zombies
  160 slime creatures
  4 dream sheep (Lair:5)
  3 jumping spiders
  16 flying skulls
  A snapping turtle (shapeshifter) (Depths:3)
  A culicivora (Vaults:1)
  2 air elementals (Elf:1)
  2 ettin skeletons
  4 water elementals
  43 yaks
  A shadow (D:11)
  A vampire (D:11)
  18 wraiths
  2 basilisks
  15 humans (D:13)
  A human (shapeshifter) (Vaults:1)
  3 steam dragons
  6 wyverns
  A slime creature zombie (Crypt:1)
  3 fire elementals
  8 golden eyes
  7 hogs (Snake:4)
  4 swamp worm simulacra (Swamp:4)
  14 vampire mosquitoes
  Menkaure (D:5)
  5 redbacks
  8 wargs
  50 nagas
  5 swamp worms
  A glowing shapeshifter zombie (Depths:2)
  16 hydra simulacra (Swamp:4)
  15 water moccasins
  3 acid dragons
  2 floating eyes (Depths:2)
  15 hell hounds (Lair:5)
  2 swamp drakes
  14 black bears
  20 orc warriors
  A water nymph skeleton (Crypt:3)
  2 ice beasts
  A merfolk skeleton (Crypt:3)
  4 large abominations (Depths:3)
  An ettin simulacrum (Crypt:3)
  30 wolves
  7 ogres
  7 centaurs
  2 phantoms
  A vine stalker zombie (Crypt:3)
  A human zombie (Vaults:3)
  8 bullfrogs
  10 necrophages
  A two-headed ogre simulacrum (D:13)
  An earth elemental (Elf:1)
  2 cane toad simulacra (D:13)
  A gnoll sergeant (D:10)
  9 scorpions
  4 wights (D:9)
  A water moccasin skeleton (Crypt:3)
  16 killer bees
  2 elephant simulacra (D:13)
  3 electric eels
  4 howler monkeys
  4 jellies
  7 orc priests
  Crazy Yiuf (D:6)
  2 gnoll boudas
  2 hounds
  A centaur skeleton (Crypt:3)
  5 iguanas
  19 orc wizards
  A spriggan simulacrum (D:13)
  A polar bear simulacrum (D:13)
  A deep dwarf zombie (Crypt:1)
  7 mummies (Crypt:3)
  7 adders
  28 gnolls
  A swamp drake zombie (Crypt:1)
  A naga simulacrum (D:13)
  A swamp drake skeleton (Crypt:2)
  3 shadow imps
  2 white imps
  4 swamp drake simulacra (Swamp:4)
  4 worms
  4 dart slugs
  82 orcs
  A bat skeleton (Crypt:2)
  12 endoplasms
  5 giant cockroaches
  5 goblins
  9 hobgoblins
  3 jackals (D:2)
  8 kobolds
  4 quokkas
  7 ball pythons
  5 bats
  7 frilled lizards
  A giant cockroach zombie (Crypt:2)
  A jackal zombie (Crypt:1)
  3 rats
  A rat (shapeshifter) (Vaults:3)
  2 butterflies (D:7)
2482 creatures vanquished.

Vanquished Creatures (collateral kills)
  Tiamat (Zot:1)
  An orb of fire (Zot:5)
  A golden dragon (Zot:5)
  An Orb Guardian (Zot:5)
  The ghost of Lisoumnu the Warrior, an adept VSBe of Trog (Vaults:1)
  An orc warlord (Orc:2)
  An ogre mage (Orc:2)
  Nergalle (Orc:2)
  2 orc sorcerers (Orc:2)
  An orc warrior (Orc:2)
  11 orc wizards (Orc:2)
22 creatures vanquished.

Vanquished Creatures (others)
  A fenstrider witch (Swamp:4)
  A bloated husk (Swamp:1)
  2 humans (Depths:3)
  2 swamp worms (Swamp:4)
  An orc wizard (D:4)
  3 demonic plants (Gauntlet)
  8 foxfires
  38 fungi
  67 plants
123 creatures vanquished.

Grand Total: 2627 creatures vanquished

Notes
Turn   | Place    | Note
-------+----------+-------------------------------------------
     0 | D:1      | mdonais the Ogre Warper began the quest for the Orb.
     0 | D:1      | Reached XP level 1. HP: 22/22 MP: 3/3
   152 | D:1      | Reached skill level 3 in Fighting
   275 | D:1      | Reached XP level 2. HP: 30/31 MP: 5/5
  1321 | D:2      | Identified the +1 robe of Eqatask {+Blink rCorr}
  1416 | D:2      | Reached XP level 3. HP: 39/39 MP: 6/6
  1567 | D:2      | Learned a level 2 spell: Blink
  1571 | D:2      | Learned a level 3 spell: Teleport Other
  1719 | D:2      | Reached skill level 4 in Fighting
  2356 | D:2      | Found a faded altar of an unknown god.
  2356 | D:2      | Noticed a rust devil
  2502 | D:1      | Reached XP level 4. HP: 37/48 MP: 7/7
  3220 | D:3      | Found a hazy altar of Hepliaklqana.
  3240 | D:3      | Reached XP level 5. HP: 40/55 MP: 8/8
  3675 | D:4      | Found a staircase to the Ecumenical Temple.
  3956 | D:4      | Reached skill level 5 in Fighting
  3970 | Temple   | Entered the Ecumenical Temple
  4233 | Temple   | Became a worshipper of the Shining One
  4349 | D:4      | Noticed Sigmund
  4350 | D:4      | Noticed Sigmund
  4350 | D:4      | Sigmund changed into Sigmund the worm
  4364 | D:4      | Killed Sigmund the worm
  4456 | D:4      | Reached skill level 1 in Evocations
  4456 | D:4      | Reached XP level 6. HP: 54/66 MP: 9/9
  4634 | D:4      | Noticed a black bear
  5649 | D:2      | Reached skill level 6 in Fighting
  6351 | D:5      | Entered Level 5 of the Dungeon
  6387 | D:5      | Reached XP level 7. HP: 61/76 MP: 10/10
  6493 | D:5      | Reached skill level 7 in Fighting
  6778 | D:5      | Noticed Menkaure
  6799 | D:5      | Killed Menkaure
  6800 | D:5      | Reached skill level 5 in Maces & Flails
  6918 | D:5      | Reached skill level 8 in Fighting
  6934 | D:5      | Noticed Prince Ribbit
  6934 | D:5      | Reached * piety under the Shining One
  6972 | D:5      | Reached XP level 8. HP: 89/89 MP: 11/11
  6996 | D:5      | Killed Prince Ribbit
  7090 | D:5      | Found a hide-covered altar of Uskayaw.
  7106 | D:5      | Reached skill level 9 in Fighting
  7166 | D:5      | Learned a level 4 spell: Manifold Assault
  7650 | D:5      | Found a basalt altar of Yredelemnul.
  7855 | D:6      | Reached skill level 10 in Fighting
  7976 | D:6      | Reached XP level 9. HP: 92/101 MP: 12/12
  8165 | D:6      | Noticed Maggie
  8170 | D:6      | Noticed Maggie
  8170 | D:6      | Maggie changed into Maggie the iguana
  8172 | D:6      | Killed Maggie the iguana
  8213 | D:6      | Reached skill level 5 in Translocations
  8360 | D:6      | Noticed a deep elf zephyrmancer
  8370 | D:6      | Killed a deep elf zephyrmancer
  8618 | D:6      | Found a runed translucent door.
  8619 | D:6      | Noticed Crazy Yiuf
  8626 | D:6      | Killed Crazy Yiuf
  8733 | D:6      | Found a shimmering altar of Xom.
  8822 | D:7      | Noticed an unseen horror
  8822 | D:7      | Reached ** piety under the Shining One
  8924 | D:7      | Reached skill level 11 in Fighting
  8927 | D:7      | Killed an unseen horror
  8928 | D:7      | Reached XP level 10. HP: 102/114 MP: 2/16
  9051 | D:7      | Found a runed translucent door.
  9053 | D:7      | Found a runed translucent door.
  9396 | D:4      | Found a staircase to the Ecumenical Temple.
  9409 | D:4      | Reached skill level 1 in Invocations
 10035 | D:8      | Found a staircase to the Lair.
 10906 | D:9      | Reached *** piety under the Shining One
 10926 | D:9      | Reached skill level 12 in Fighting
 10945 | D:9      | Found an ancient bone altar of Kikubaaqudgha.
 11509 | D:9      | Noticed a manticore
 11521 | D:9      | Killed a manticore
 11883 | D:9      | Found a shadowy altar of Dithmenos.
 11883 | D:9      | Found a sacrificial altar of Ru.
 11886 | D:9      | Found an opulent altar of Gozag.
 12078 | Lair:1   | Entered Level 1 of the Lair of Beasts
 12281 | Lair:1   | Reached skill level 13 in Fighting
 12281 | Lair:1   | Reached XP level 11. HP: 127/127 MP: 5/17
 12619 | Lair:1   | Reached skill level 10 in Maces & Flails
 13579 | Lair:1   | Reached skill level 5 in Spellcasting
 14054 | Lair:2   | Reached skill level 14 in Fighting
 14059 | Lair:2   | Reached XP level 12. HP: 129/139 MP: 1/19
 14412 | Lair:2   | Noticed Amaemon
 14433 | Lair:2   | Killed Amaemon
 14498 | Lair:2   | Reached **** piety under the Shining One
 14860 | Lair:3   | Reached skill level 15 in Fighting
 15227 | Lair:3   | Reached skill level 5 in Invocations
 15232 | Lair:3   | Found a staircase to the Snake Pit.
 15509 | Lair:3   | Noticed Josephine
 15519 | Lair:3   | Killed Josephine
 15838 | Lair:3   | Found a staircase to the Swamp.
 16372 | Lair:4   | Reached XP level 13. HP: 150/150 MP: 9/21
 16698 | Lair:4   | Noticed a minotaur
 16698 | Lair:4   | Noticed Hihis's ghost (journeyman MfBe)
 16902 | Lair:4   | Found a runed translucent gate.
 16902 | Lair:4   | Found a runed translucent gate.
 16902 | Lair:4   | Found a runed translucent gate.
 17554 | Lair:5   | Entered Level 5 of the Lair of Beasts
 17793 | Lair:5   | Reached skill level 16 in Fighting
 17919 | Lair:5   | Reached ***** piety under the Shining One
 18532 | Lair:5   | Found a staircase to the Slime Pits.
 18735 | Lair:5   | Found a runed translucent door.
 18736 | Lair:5   | Noticed an ice dragon
 18753 | Lair:5   | Reached XP level 14. HP: 156/163 MP: 18/23
 18753 | Lair:5   | Paralysed by a hornet for 3 turns
 18761 | Lair:5   | Reached skill level 17 in Fighting
 19473 | Lair:5   | Reached skill level 18 in Fighting
 20165 | Lair:5   | Identified the +2 leather armour of the Caustic God {Int+2}
 20844 | Lair:4   | Killed Hihis's ghost
 21452 | D:10     | Entered Level 10 of the Dungeon
 21599 | D:10     | Found a shimmering blue altar of Sif Muna.
 21714 | D:10     | Found a staircase to the Orcish Mines.
 22263 | D:10     | Found an iron altar of Okawaru.
 22535 | D:11     | Noticed Urug
 22545 | D:11     | Killed Urug
 23002 | D:11     | Reached skill level 1 in Armour
 23018 | D:11     | Identified the ring of Wiogaly {rC+ Will- Str+9 Slay+2
                  | SInv}
 23021 | D:11     | Identified the ring "Duckeotu" {Wiz Str+2 Int+3}
 23029 | D:11     | Identified the ring of Ufaddut {Wiz Str+3}
 23117 | D:11     | Learned a level 2 spell: Passwall
 23123 | D:11     | Identified the amulet "Fahyusha" {Acrobat Harm Str+4}
 23138 | D:11     | Reached skill level 19 in Fighting
 23197 | D:11     | Reached XP level 15. HP: 171/180 MP: 25/25
 23478 | D:11     | Reached skill level 1 in Transmutations
 23478 | D:11     | Reached skill level 1 in Earth Magic
 23545 | D:11     | Found a portal to a secret trove of treasure.
 23713 | Orc:1    | Entered Level 1 of the Orcish Mines
 24019 | Orc:2    | Entered Level 2 of the Orcish Mines
 24176 | Orc:2    | Noticed an orc warlord
 24176 | Orc:2    | Reached ****** piety under the Shining One
 24378 | Orc:2    | Killed an orc warlord
 24864 | Orc:2    | Found a staircase to the Elven Halls.
 25273 | Orc:2    | Identified a +2 giant spiked club of holy wrath (a +0 giant
                  | spiked club blessed by the Shining One)
 25273 | Orc:2    | Received a gift from the Shining One
 25280 | Orc:2    | Found Dimotta's Magic Scroll Boutique.
 25291 | Orc:2    | Bought a scroll of teleportation for 45 gold pieces
 25307 | Orc:2    | Found an ancient bone altar of Kikubaaqudgha.
 25307 | Orc:2    | Noticed Nergalle
 25320 | Orc:2    | Killed Nergalle
 25321 | Orc:2    | Reached skill level 10 in Invocations
 25336 | Orc:2    | Found Wesuw's Book Shop.
 25342 | Orc:2    | Found Vaqiet's Distillery.
 25353 | Orc:2    | Found Emmeck's Antique Weapon Shop.
 25512 | Orc:2    | Found a radiant altar of Vehumet.
 25518 | Orc:2    | Reached skill level 15 in Maces & Flails
 25592 | Orc:2    | Bought a potion of resistance for 110 gold pieces
 25592 | Orc:2    | Bought a potion of cancellation for 88 gold pieces
 25592 | Orc:2    | Bought a potion of heal wounds for 55 gold pieces
 25592 | Orc:2    | Bought a potion of brilliance for 44 gold pieces
 25623 | Orc:2    | Bought a scroll of enchant armour for 112 gold pieces
 25631 | Orc:2    | Learned a level 3 spell: Lesser Beckoning
 25833 | D:12     | You fall into a shaft and drop 2 floors!
 25879 | D:14     | Found a gate leading to a gauntlet.
 25895 | Gauntlet | Entered a Gauntlet
 25895 | Gauntlet | Found a transporter.
 25898 | Gauntlet | Found a transporter.
 25913 | Gauntlet | Found a runed translucent door.
 25916 | Gauntlet | Found a transporter.
 25918 | Gauntlet | Found a transporter.
 25938 | Gauntlet | Found a transporter.
 25950 | Gauntlet | Found a runed translucent door.
 25951 | Gauntlet | Found a transporter.
 25954 | Gauntlet | Found a transporter.
 25958 | Gauntlet | Found a transporter.
 25962 | Gauntlet | Found a runed translucent door.
 25985 | Gauntlet | Found a transporter.
 25993 | Gauntlet | Found a transporter.
 25993 | Gauntlet | Found a transporter.
 26001 | Gauntlet | Found a transporter.
 26122 | Gauntlet | Identified the +2 helmet "Monimei" {Fly Regen+ Str+2
                  | Slay-4}
 26156 | Gauntlet | Identified the ring "Mounih" {+Blink MP+9 AC+4 Str+2}
 26333 | Gauntlet | Identified the +12 chain mail "Kadeap" {rC+ Dex+2 Stlth+}
 26334 | Gauntlet | Got the Handbook of Baleful Convocation
 26836 | D:13     | Reached skill level 20 in Fighting
 26858 | D:13     | Found a frozen archway.
 27223 | D:13     | Found an ornate altar of the Wu Jian Council.
 27469 | D:13     | Noticed Rupert
 28069 | D:12     | Identified the +1 dagger of Annihilation {drain, Str-3
                  | Dex+5}
 28927 | D:13     | Reached XP level 16. HP: 192/192 MP: 28/28
 29076 | D:13     | Killed Rupert
 29181 | D:13     | Found a gate to the Vaults.
 30265 | D:15     | Entered Level 15 of the Dungeon
 30393 | D:15     | Found a staircase to the Depths.
 31143 | D:15     | Reached skill level 5 in Armour
 32206 | Swamp:1  | Entered Level 1 of the Swamp
 32557 | Swamp:1  | Identified the +1 leather armour "Desaudda" {Rampage Str+4
                  | Int+2}
 33024 | Swamp:2  | Noticed Jorgrun
 33161 | Swamp:2  | Killed Jorgrun
 33376 | Swamp:2  | Reached skill level 10 in Translocations
 33379 | Swamp:2  | Noticed a tentacled monstrosity
 33383 | Swamp:2  | Killed a tentacled monstrosity
 33699 | Swamp:2  | Noticed a thorn hunter
 33702 | Swamp:2  | Killed a thorn hunter
 34016 | Swamp:3  | Reached XP level 17. HP: 204/204 MP: 25/29
 34232 | Swamp:3  | Reached skill level 21 in Fighting
 35140 | Swamp:4  | Entered Level 4 of the Swamp
 35459 | Swamp:4  | Paralysed by a fenstrider witch for 4 turns
 35764 | Snake:1  | Entered Level 1 of the Snake Pit
 36977 | Snake:1  | Reached skill level 22 in Fighting
 37045 | Snake:2  | HP: 10/208 [constriction (4)]
 37046 | Snake:2  | The Shining One protects you from harm!
 37050 | Snake:1  | HP: 9/208 [poisoned by a naga ritualist (toxic radiance)]
 37055 | Snake:1  | HP: 8/208 [poisoned by a naga ritualist (toxic radiance)]
 37306 | Snake:2  | Found Kapp's Antique Weapon Shop.
 37451 | Snake:2  | Bought the +3 giant club "Skullcrusher" {speed, Str+7} for
                  | 1546 gold pieces
 37451 | Snake:2  | Found the +3 giant club "Skullcrusher" {speed, Str+7}
 37923 | Orc:2    | Bought 2 potions of lignification for 66 gold pieces
 39793 | Snake:3  | Identified the ring "Xitwuj" {rC- Will- Dex+8 Slay+4}
 40331 | Snake:3  | Reached XP level 18. HP: 174/221 MP: 14/30
 40626 | Snake:3  | Reached skill level 23 in Fighting
 41003 | Snake:3  | Found Pigis's Distillery.
 41275 | Snake:4  | Entered Level 4 of the Snake Pit
 42797 | Snake:4  | Noticed Kirke
 42882 | Snake:4  | Killed Kirke
 44451 | Snake:4  | Identified the +4 hand axe "Roj Ifra" {flame, *Slow rF+
                  | Int+4 SInv}
 45257 | Snake:4  | Reached skill level 10 in Armour
 45257 | Snake:4  | Reached skill level 24 in Fighting
 46109 | Snake:4  | Got a serpentine rune of Zot
 46558 | Swamp:4  | Reached XP level 19. HP: 234/234 MP: 8/31
 47464 | Swamp:4  | Noticed Donald
 47470 | Swamp:4  | Killed Donald
 48267 | Swamp:4  | Got a decaying rune of Zot
 48602 | Vaults:1 | Entered Level 1 of the Vaults
 49413 | Vaults:1 | Found a huge runed gate.
 49413 | Vaults:1 | Found a huge runed gate.
 49413 | Vaults:1 | Found a huge runed gate.
 49413 | Vaults:1 | Found a huge runed gate.
 49413 | Vaults:1 | Found a huge runed gate.
 49413 | Vaults:1 | Found a huge runed gate.
 49413 | Vaults:1 | Found a huge runed gate.
 49414 | Vaults:1 | Found a huge runed gate.
 49414 | Vaults:1 | Found a huge runed gate.
 49414 | Vaults:1 | Found a huge runed gate.
 49418 | Vaults:1 | Found a huge runed gate.
 49418 | Vaults:1 | Found a huge runed gate.
 49418 | Vaults:1 | Found a huge runed gate.
 49418 | Vaults:1 | Found a huge runed gate.
 49418 | Vaults:1 | Found a huge runed gate.
 49418 | Vaults:1 | Found a huge runed gate.
 49475 | Vaults:1 | Found a huge runed gate.
 49475 | Vaults:1 | Found a huge runed gate.
 49475 | Vaults:1 | Found a huge runed gate.
 49475 | Vaults:1 | Found a huge runed gate.
 49475 | Vaults:1 | Found a huge runed gate.
 49476 | Vaults:1 | Found a huge runed gate.
 49477 | Vaults:1 | Found a huge runed gate.
 49478 | Vaults:1 | Found a huge runed gate.
 49479 | Vaults:1 | Found a huge runed gate.
 49488 | Vaults:1 | Found a huge runed gate.
 49488 | Vaults:1 | Found a huge runed gate.
 49488 | Vaults:1 | Found a huge runed gate.
 49488 | Vaults:1 | Found a huge runed gate.
 49488 | Vaults:1 | Found a huge runed gate.
 49488 | Vaults:1 | Found a huge runed gate.
 49489 | Vaults:1 | Found a huge runed gate.
 49490 | Vaults:1 | Found a huge runed gate.
 49491 | Vaults:1 | Found a huge runed gate.
 49499 | Vaults:1 | Found a huge runed gate.
 49499 | Vaults:1 | Found a huge runed gate.
 49767 | Vaults:1 | Noticed Nikola
 49778 | Vaults:1 | Killed Nikola
 50424 | Vaults:1 | Reached skill level 5 in Dodging
 50973 | Vaults:1 | Found a runed translucent gate.
 50973 | Vaults:1 | Found a runed translucent gate.
 50973 | Vaults:1 | Found a runed translucent gate.
 50973 | Vaults:1 | Noticed Lisoumnu's ghost (adept VSBe)
 51150 | Vaults:1 | Upgraded the game from 0.30-a0-118-ga018f8e90f to
                  | 0.30-a0-121-gb27577e5d9
 51673 | Vaults:2 | Reached skill level 25 in Fighting
 51888 | Vaults:2 | Noticed Aizul
 51902 | Vaults:2 | Killed Aizul
 52937 | Vaults:2 | Reached XP level 20. HP: 131/249 MP: 19/33
 53502 | Vaults:2 | Found a staircase to the Crypt.
 53502 | Vaults:2 | Found an ancient bone altar of Kikubaaqudgha.
 53503 | Vaults:2 | Found a basalt altar of Yredelemnul.
 53856 | Vaults:3 | Learned a level 3 spell: Swiftness
 54410 | Vaults:3 | Reached skill level 26 in Fighting
 54712 | Vaults:3 | Identified the +6 falchion "Zoinal" {freeze, rC+ Will+}
 55312 | Vaults:3 | Reached skill level 10 in Spellcasting
 56134 | Vaults:3 | Found a huge runed gate.
 56134 | Vaults:3 | Found a huge runed gate.
 56134 | Vaults:3 | Found a huge runed gate.
 56134 | Vaults:3 | Found a huge runed gate.
 56134 | Vaults:3 | Found a huge runed gate.
 56134 | Vaults:3 | Found a huge runed gate.
 56134 | Vaults:3 | Found a huge runed gate.
 56142 | Vaults:3 | Found a huge runed gate.
 56142 | Vaults:3 | Found a huge runed gate.
 56142 | Vaults:3 | Found a huge runed gate.
 56263 | Vaults:3 | Found a huge runed gate.
 56263 | Vaults:3 | Found a huge runed gate.
 56263 | Vaults:3 | Found a huge runed gate.
 56263 | Vaults:3 | Found a huge runed gate.
 56263 | Vaults:3 | Found a huge runed gate.
 56263 | Vaults:3 | Found a huge runed gate.
 56264 | Vaults:3 | Found a huge runed gate.
 56265 | Vaults:3 | Found a huge runed gate.
 56266 | Vaults:3 | Found a huge runed gate.
 56274 | Vaults:3 | Found a huge runed gate.
 56274 | Vaults:3 | Found a huge runed gate.
 56274 | Vaults:3 | Found a huge runed gate.
 56274 | Vaults:3 | Found a huge runed gate.
 56274 | Vaults:3 | Found a huge runed gate.
 56274 | Vaults:3 | Found a huge runed gate.
 56275 | Vaults:3 | Found a huge runed gate.
 56276 | Vaults:3 | Found a huge runed gate.
 56277 | Vaults:3 | Found a huge runed gate.
 56285 | Vaults:3 | Found a huge runed gate.
 56285 | Vaults:3 | Found a huge runed gate.
 56285 | Vaults:3 | Found a huge runed gate.
 56285 | Vaults:3 | Found a huge runed gate.
 56285 | Vaults:3 | Found a huge runed gate.
 56285 | Vaults:3 | Found a huge runed gate.
 56286 | Vaults:3 | Found a huge runed gate.
 56287 | Vaults:3 | Found a huge runed gate.
 58201 | Vaults:4 | Reached skill level 27 in Fighting
 58231 | Vaults:4 | Reached XP level 21. HP: 243/265 MP: 8/35
 60224 | Elf:1    | Entered Level 1 of the Elven Halls
 60229 | Elf:1    | Paralysed by an air elemental for 1 turns
 60671 | Elf:1    | Found Minuh's Jewellery Shop.
 60676 | Elf:1    | Found Byparos's Antique Armour Shop.
 60932 | Elf:1    | Found Uckoaghi's General Store.
 62583 | Elf:2    | Found a runed translucent gate.
 62583 | Elf:2    | Found a runed translucent gate.
 62583 | Elf:2    | Found a runed translucent gate.
 63161 | Elf:3    | Entered Level 3 of the Elven Halls
 63665 | Elf:3    | Identified Roxanne's Codex of Reformation
 63665 | Elf:3    | Noticed Roxanne
 63674 | Elf:3    | Killed Roxanne
 64205 | Elf:3    | Identified the ring of Ren Foto {rPois rCorr Str+3}
 64767 | Elf:3    | Reached XP level 22. HP: 265/275 MP: 11/36
 65158 | Elf:3    | Identified the +11 dagger "Qyptorch" {vamp, +Blink rCorr
                  | Str-3 Int+3}
 65158 | Elf:3    | Identified the ring of Tautedif {rElec rCorr SInv}
 65406 | Elf:3    | Identified the +1 ring mail of Honour {rElec Str+3 Stlth+}
 65712 | Elf:3    | Got the Cyclopedia of Weather
 65716 | Elf:3    | Got the Compilation of Assembling and Earth
 66067 | Crypt:1  | Entered Level 1 of the Crypt
 66085 | Crypt:1  | Noticed Xtahua
 66227 | Crypt:1  | Killed Xtahua
 66602 | Crypt:1  | Found a huge runed gate.
 66602 | Crypt:1  | Found a huge runed gate.
 66602 | Crypt:1  | Found a huge runed gate.
 66602 | Crypt:1  | Found a huge runed gate.
 66604 | Crypt:1  | Found a huge runed gate.
 66605 | Crypt:1  | Found a huge runed gate.
 66606 | Crypt:1  | Found a huge runed gate.
 66634 | Crypt:1  | Found a huge runed gate.
 66634 | Crypt:1  | Found a huge runed gate.
 66634 | Crypt:1  | Found a huge runed gate.
 66634 | Crypt:1  | Found a huge runed gate.
 66634 | Crypt:1  | Found a huge runed gate.
 66634 | Crypt:1  | Found a huge runed gate.
 66641 | Crypt:1  | Found a huge runed gate.
 66641 | Crypt:1  | Found a huge runed gate.
 66641 | Crypt:1  | Found a huge runed gate.
 66641 | Crypt:1  | Found a huge runed gate.
 66641 | Crypt:1  | Found a huge runed gate.
 66641 | Crypt:1  | Found a huge runed gate.
 66642 | Crypt:1  | Found a huge runed gate.
 66643 | Crypt:1  | Found a huge runed gate.
 66644 | Crypt:1  | Found a huge runed gate.
 66652 | Crypt:1  | Found a huge runed gate.
 66652 | Crypt:1  | Found a huge runed gate.
 66652 | Crypt:1  | Found a huge runed gate.
 66652 | Crypt:1  | Found a huge runed gate.
 66652 | Crypt:1  | Found a huge runed gate.
 66652 | Crypt:1  | Found a huge runed gate.
 66653 | Crypt:1  | Found a huge runed gate.
 66654 | Crypt:1  | Found a huge runed gate.
 66709 | Crypt:1  | Found a huge runed gate.
 66717 | Crypt:1  | Found a huge runed gate.
 66717 | Crypt:1  | Found a huge runed gate.
 66717 | Crypt:1  | Found a huge runed gate.
 66717 | Crypt:1  | Found a huge runed gate.
 66717 | Crypt:1  | Found a huge runed gate.
 67431 | Crypt:1  | Reached skill level 15 in Armour
 67643 | Crypt:1  | Noticed a dread lich
 67655 | Crypt:1  | Killed a dread lich
 67666 | Crypt:1  | Got the Papyrus of Cunning Black Arts
 67832 | Crypt:2  | Found a magical portal.
 67842 | WizLab   | Entered Yara's Duelist Academy
 68167 | WizLab   | Noticed Xallyles
 68183 | WizLab   | Killed Xallyles the Head Instructor
 69931 | Crypt:3  | Entered Level 3 of the Crypt
 69941 | Crypt:3  | Reached XP level 23. HP: 284/284 MP: 37/37
 71007 | Crypt:3  | Found a staircase to the Tomb.
 71438 | Crypt:3  | Found an ancient bone altar of Kikubaaqudgha.
 71751 | Crypt:3  | Noticed Jory
 71758 | Crypt:3  | Killed Jory
 71923 | Crypt:3  | Identified the +9 quarterstaff "Alich" {vorpal, Will+}
 72376 | Vaults:1 | Killed Lisoumnu's ghost
 73451 | Elf:3    | Learned a level 1 spell: Apportation
 73794 | Snake:3  | Bought a potion of curing for 48 gold pieces
 73794 | Snake:3  | Bought a potion of brilliance for 64 gold pieces
 73794 | Snake:3  | Bought a potion of brilliance for 64 gold pieces
 73794 | Snake:3  | Bought a potion of mutation for 128 gold pieces
 73794 | Snake:3  | Bought a potion of cancellation for 128 gold pieces
 73794 | Snake:3  | Bought a potion of mutation for 128 gold pieces
 73794 | Snake:3  | Bought 2 potions of heal wounds for 160 gold pieces
 74412 | Depths:1 | Entered Level 1 of the Depths
 74450 | Depths:1 | Reached XP level 24. HP: 295/295 MP: 11/37
 75479 | Depths:1 | Found Cumiruex's General Store.
 75493 | Depths:1 | Found Fusag's Antique Weapon Emporium.
 75533 | Depths:1 | Found Kunodweas's Book Emporium.
 75535 | Depths:1 | Found Mieleq's Jewellery Boutique.
 75536 | Depths:1 | Found Divvoipt's Book Emporium.
 75777 | Depths:1 | Found a gateway to Hell.
 76333 | Depths:1 | Found a one-way gate to the infinite horrors of the Abyss.
 76410 | Depths:1 | Found Emiteder's Weapon Emporium.
 76810 | Depths:2 | Found an opulent altar of Gozag.
 77623 | Depths:2 | Found a one-way gate leading to the halls of Pandemonium.
 77635 | Depths:2 | Found a one-way gateway to a ziggurat.
 79090 | Depths:3 | Found Coub's Distillery.
 79090 | Depths:3 | Found Baazaroe's Magic Scroll Emporium.
 79098 | Depths:3 | Bought a potion of heal wounds for 60 gold pieces
 79098 | Depths:3 | Bought a potion of heal wounds for 60 gold pieces
 79104 | Depths:3 | Bought a scroll of blinking for 187 gold pieces
 79104 | Depths:3 | Bought a scroll of enchant armour for 187 gold pieces
 79803 | Depths:3 | Reached XP level 25. HP: 304/304 MP: 33/39
 80281 | Depths:4 | Entered Level 4 of the Depths
 80813 | Depths:4 | Noticed Vv
 80834 | Depths:4 | Killed Vv
 81091 | Depths:4 | Found Big Baal Hell's Store.
 82389 | Depths:4 | Found a gate to the Realm of Zot.
 83022 | Slime:1  | Entered Level 1 of the Pits of Slime
 83132 | Slime:2  | Gained mutation: You do not regenerate when monsters are
                  | visible. [a shining eye]
 83136 | Slime:1  | Gained mutation: You are clumsy. (Dex -2) [a shining eye]
 84521 | Slime:3  | Gained mutation: You occasionally lose the ability to read
                  | scrolls when taking damage. [a shining eye]
 84556 | Slime:3  | Found a viscous altar of Jiyva.
 84714 | Slime:5  | Entered Level 5 of the Pits of Slime
 84771 | Slime:5  | Reached XP level 26. HP: 314/314 MP: 17/39
 84852 | Slime:5  | Noticed the Royal Jelly
 84870 | Slime:5  | Was placed under penance by the Shining One
 84877 | Slime:5  | Killed the Royal Jelly
 85035 | Slime:5  | Identified the +4 mace of Joyful Slaughter {vorpal, rElec
                  | rC+ Stlth+}
 85039 | Slime:5  | Got a slimy rune of Zot
 85040 | Slime:5  | Identified the +6 spear "Emaelahadi" {antimagic, rF+ rCorr
                  | Str+4}
 85070 | Slime:5  | Identified the +3 flail of Ukugaob {drain, rF+}
 85122 | Slime:5  | Identified the +8 plate armour "Gagyjopp" {rC+ Dex+6 SInv}
 85163 | Slime:5  | Identified the +2 scale mail of Inviolability {Slay+6
                  | Stlth+}
 85237 | Slime:5  | Gained mutation: Armour fits poorly on your strangely
                  | shaped body. [a shining eye]
 85240 | Slime:5  | Gained mutation: You sometimes lose the ability to read
                  | scrolls when taking damage. [a shining eye]
 85246 | Slime:5  | Reached skill level 15 in Invocations
 85770 | Slime:4  | Was forgiven by the Shining One
 86755 | Vaults:5 | Entered Level 5 of the Vaults
 88052 | Vaults:5 | Identified the +0 ring mail of the Old and Reckless
                  | {Slay+2}
 88181 | Vaults:5 | Identified the +3 morningstar of Serren {venom, Fly rC-
                  | Int+3 Dex+5}
 88188 | Vaults:5 | Reached skill level 15 in Translocations
 88725 | Vaults:5 | Identified the amulet of Culomera {RegenMP rC+ rN+ SInv}
 88851 | Vaults:5 | Got a silver rune of Zot
 88868 | Vaults:5 | Got the Atlas of Shifting Bedrock
 88927 | Vaults:5 | Noticed a dread lich
 88935 | Vaults:5 | Killed a dread lich
 89077 | Vaults:5 | Got the Codex of the Lethal Wayfarer
 89747 | Zot:1    | Entered Level 1 of the Realm of Zot
 89766 | Zot:1    | Reached XP level 27. HP: 309/323 MP: 11/41
 90034 | Zot:1    | Found the +4 dragonskin cloak
 90034 | Zot:1    | Noticed Tiamat
 90053 | Zot:1    | Killed Tiamat
 90816 | Zot:1    | Identified the +4 falchion of Cifawin {drain, +Blink}
 91501 | Zot:2    | Reached skill level 15 in Spellcasting
 94122 | Zot:4    | Noticed a dread lich
 94137 | Zot:4    | Killed a dread lich
 95315 | Zot:4    | Identified the +5 trident of Distant Shores {flame, Fly
                  | Int-2 Dex+9 Stlth-}
 95483 | Zot:5    | Entered Level 5 of the Realm of Zot
 96107 | Zot:5    | Learned a level 6 spell: Dispersal
 96193 | Zot:5    | Noticed a dread lich
 96202 | Zot:5    | Killed a dread lich
 96279 | Zot:5    | Noticed an orb of fire
 96290 | Zot:5    | Killed an orb of fire
 96303 | Zot:5    | Noticed a dread lich
 96304 | Zot:5    | Noticed an orb of fire
 96307 | Zot:5    | Noticed an ancient lich
 96315 | Zot:5    | Noticed a dread lich
 96315 | Zot:5    | Noticed an orb of fire
 96327 | Zot:5    | Gained mutation: You are dopey. (Int -2) [an orb of fire]
 96328 | Zot:5    | Gained mutation: You are occasionally teleported next to
                  | monsters. [an orb of fire]
 96330 | Zot:5    | The Shining One protects you from harm!
 96333 | Zot:5    | Killed a dread lich
 96333 | Zot:5    | Gained mutation: You are very dopey. (Int -4) [an orb of
                  | fire]
 96334 | Zot:5    | Gained mutation: You are frail. (-10% HP) [an orb of fire]
 96335 | Zot:5    | Killed an orb of fire
 96339 | Zot:5    | HP: 8/290 [ancient lich/bolt of acid (10)]
 96341 | Zot:5    | Killed from afar by an ancient lich

Illustrated notes

Levels and vault maps discovered:
D:1:      minmay_arrival_split_and_join, layout_basic, serial_curves,
          eino_curves_04, eino_curves_04, eino_curves_03
D:2:      minmay_angry_zag, layout_basic,
          dreamdust_ecumenical_altar_sealed_demon
D:3:      layout_rooms, mainiacjoe_overflow_tiny_flanked, minmay_misc_feat_chi
D:4:      layout_loops_cross, minmay_temple_entry_sparse_star, uniq_sigmund
D:5:      kb_forest_paths, layout_basic, mainiacjoe_overflow_brackets,
          general_overflow_altar, uniq_prince_ribbit1, uniq_menkaure
D:6:      layout_loops_cross, kennysheep_mini_moat, chequers_garden,
          st_stairs_5, guppyfry_early_elven_hall, uniq_maggie,
          uniq_crazy_yiuf_cottage
D:7:      lemuel_insect_pit, layout_rooms
D:8:      kennysheep_steamy, layout_basic, lair_entry_dummy,
          kennysheep_decorative_pillar
D:9:      layout_loops_corners, lemuel_doored_altar,
          nicolae_overflow_hidden_temple, special_room [special_room_orc]
D:10:     layout_basic, okawaru_altar_gauntlet_db, lemuel_round_altar,
          orc_0_dummy, chequers_serial_rivers_room_b
D:11:     minmay_the_grid_triangle_9x9_recursive_2
          [minmay_the_grid_triangle_9x9_prize_special,
          minmay_the_grid_triangle_9x9_dagger,
          minmay_the_grid_triangle_9x9_intruding_spiral,
          minmay_the_grid_triangle_9x9_zippers_horizontal], layout_gridville,
          nicolae_trove_entry_isolated, uniq_urug
D:12:     layout_layer_cave
D:13:     layout_cave_pools, david_vaults_3,
          portal_ice_cave_entry_ice_simulacra, nicolae_wu_jian_wuxing_cycle
D:14:     layout_small_grid, gauntlet_entry_generic, kennysheep_generic_room_11
D:15:     grunt_enter_depths_hoard, layout_layer_cave, minivault_26
Temple:   nicolae_temple_slightly_damp_pantheon
Lair:1:   layout_small_grid, grunt_megastairs_3
Lair:2:   layout_layer_cave, serial_bayou_shore_a, grunt_megastairs_5,
          uniq_amaemon
Lair:3:   layout_roguey, nicolae_swamp_entry_splash_gauntlet,
          guppyfry_snake_entry_island, infiniplex_staircase_pool_2,
          uniq_josephine
Lair:4:   layout_regular_city, maelrawn_ghost_gauntlet_escape,
          lemuel_fruit_tree, uniq_rupert
Lair:5:   wormcave, layout_loops_ring, hangedman_lair_caniforms_friends,
          nicolae_slime_entry_slimehenge, minivault_11
Swamp:1:  layout_falls_marsh, nicolae_swamp_orc_logging_accident, swamp_pool2
Swamp:2:  layout_basic_swamp, evilmike_swamp_ruin_house_4, uniq_jorgrun
Swamp:3:  layout_basic_swamp, evilmike_swamp_ruin_house_3, swamp_pool2,
          nicolae_swamp_feature_on_the_river_bank
Swamp:4:  swamp_icy, layout_basic_swamp, swamp_pool3,
          nicolae_swamp_tree_designs, uniq_donald
Snake:1:  layout_misc_corridors
Snake:2:  layout_rooms, serial_shops, shop, library_closet, grunt_megastairs_2
Snake:3:  layout_honeycomb, serial_shops, shop
Snake:4:  grunt_snake_rune_spirals, layout_onion, grunt_ministairs_11,
          uniq_kirke
Slime:1:  cheibrodos_slime_lost_civilization_3, layout_caves
Slime:2:  layout_caves
Slime:3:  layout_caves, basic_altar
Slime:4:  layout_caves
Slime:5
Orc:1:    layout_caves
Orc:2:    kennysheep_orc_mage_school, layout_diamond_mine
Elf:1:    layout_loops_ring, serial_shops, nicolae_shop_advertising_works
          [nicolae_subvault_shop_adworks], kennysheep_underground_church,
          minmay_shop_star
Elf:2:    nicolae_elf_blades_splatter_lattice [nicolae_blade_bullseye],
          layout_geoelf_diagonals
Elf:3:    elf_hall, layout_gridlike, drop_trap, corexii_leaking_fountain,
          uniq_roxanne
Vaults:1: gammafunk_ghost_split, v_rooms_1, nicolae_vaults_network_quinsquares
          [nicolae_vaults_network_quincunx_subvault,
          nicolae_vaults_network_quincunx_subvault,
          nicolae_vaults_network_quincunx_subvault,
          nicolae_vaults_network_quincunx_subvault], hangedman_vaults_nails,
          nicolae_vaults_stairing_the_circle, v_alt_pattern_6, door_vault,
          ontoclasm_vaults_ring_small, v_pattern_2,
          nicolae_vaults_specimen_jars, nicolae_vaults_theta,
          layout_vaults_maze_snakey, uniq_nikola
Vaults:2: v_misc_25, nicolae_vaults_network_square, v_misc_5,
          minmay_crypt_entry_necro_gods, vaults_room_glass_cross,
          ontoclasm_vaults_tryst, hangedman_vaults_variations, v_misc_25,
          v_alt_pattern_1, vaults_mumra_chevron_long, hangedman_vaults_trim,
          ontoclasm_vaults_chip, v_alt_pattern_2,
          nicolae_vaults_little_squares_3, layout_vaults_ring, uniq_aizul
Vaults:3: vaults_room_boxed, nicolae_vaults_border_crossing, door_vault,
          v_misc_22, vaults_mumra_hex, v_misc_33, vaults_dpeg_cross,
          hangedman_vaults_snaps, ontoclasm_vaults_decontamination,
          layout_vaults_quadrants
Vaults:4: hangedman_vaults_pinch, nicolae_vaults_network_star,
          ontoclasm_vaults_fault, vaults_room_large_hall,
          nicolae_vaults_alarming, v_misc_5, grunt_vaults_twisty,
          hangedman_vaults_stagger, serial_ice_m, layout_vaults_omnicross
Vaults:5: serial_shops
Crypt:1:  layout_regular_city, hex_medium, st_stairs_6, door_vault, uniq_xtahua
Crypt:2:  layout_catacombs, mu_enter_wizlab_3
Crypt:3:  church_of_pain_bobbens, layout_chaotic_city,
          nicolae_tomb_entry_grand_gallery
Depths:1: layout_big_octagon, hell_entry, serial_shops, shop,
          nicolae_diamond_shop, shop, abyss_entry, minmay_misc_feat_enclosed,
          hangedman_decor_peaks_small, evilmike_minifort, minmay_shop_grove,
          infiniplex_staircase_pool_lava, serial_bayou_shore_b
Depths:2: evilmike_diamond_1, layout_basic, enter_ziggurat_a,
          rand_demon_pan_entry_7, pf_vacation_house_of_asmodeus,
          abyss_entry_glasseish, minmay_misc_feat_tower,
          nicolae_gozag_seed_capital
Depths:3: dreamdust_experimentation, layout_gridlike, hell_entry,
          abyss_entry_crystal, nicolae_triple_integral, minmay_shoptagon
Depths:4: grunt_zot_entry_hairpin, layout_honeycomb,
          nicolae_hell_entry_big_baal_hell, abyss_entry_small_statue_room,
          uniq_jory, uniq_vv
Zot:1:    layout_cathedral_of_symmetry, uniq_tiamat
Zot:2:    layout_gridlike, bh_zot_ikea_curve
Zot:3:    layout_concentric_octagons
Zot:4:    hangedman_snap_crack_crunch, layout_concentric_octagons
Zot:5:    layout_basic

Skill      XL: |  1  2  3  4  5  6  7  8  9 10 11 12 13 14 15 16 17 18 19 20 21 22 23 24 25 26 27 |
---------------+----------------------------------------------------------------------------------+-----
Fighting       | 3 4 5 6 8 10 11 13 14 15 16 19 20 22 24 25 27 | 27.0
Maces & Flails | 2 3 4 5 7 8 9 10 12 14 16 17 18 19 22 23 | 23.0
Translocations | 3 6 8 9 10 11 12 13 14 15 | 15.0
Throwing       | 2 |  2.0
Evocations     | 1 2 3 |  3.0
Spellcasting   | 4 5 6 7 8 9 10 12 14 15 | 15.0
Invocations    | 3 7 8 9 10 11 12 13 14 16 21 | 21.0
Dodging        | 3 6 7 8 9 |  9.0
Armour         | 1 3 7 10 13 15 17 19 21 | 21.7
Transmutations | 1 2 3 |  3.0
Earth Magic    | 1 2 3 |  3.0

Action                   |  1- 3 |  4- 6 |  7- 9 | 10-12 | 13-15 | 16-18 | 19-21 | 22-24 | 25-27 || total
-------------------------+-------+-------+-------+-------+-------+-------+-------+-------+-------++-------
Melee: Mace              |   109 |       |       |       |       |       |       |       |       ||   109
       Whip              |       |   120 |       |       |       |       |       |       |       ||   120
       Flail             |       |   136 |    39 |       |       |       |       |       |       ||   175
       Punch             |       |     3 |     1 |       |       |       |       |       |       ||     4
       Giant club        |       |       |   142 |   396 |   720 |   562 |  1321 |   907 |  2086 ||  6134
       Giant spiked club |       |       |       |       |   232 |   611 |       |   509 |       ||  1352
       Unarmed           |       |       |       |       |       |    13 |       |       |       ||    13
 Fire: Sling             |    48 |    16 |       |       |       |       |       |       |       ||    64
Throw: Dart              |       |     5 |     2 |       |     1 |       |       |       |       ||     8
       Javelin           |       |     5 |    15 |     6 |       |       |       |       |       ||    26
       Boomerang         |       |       |     8 |       |       |       |       |       |       ||     8
       Large rock        |       |       |       |     1 |    14 |       |       |       |       ||    15
       Throwing net      |       |       |       |       |       |       |       |       |     1 ||     1
 Cast: Teleport Other    |       |     6 |       |       |       |       |       |       |       ||     6
       Blink             |       |     2 |       |     2 |     3 |       |       |       |     1 ||     8
       Manifold Assault  |       |       |     5 |    97 |   285 |   593 |   660 |   686 |   846 ||  3172
Invok: Divine Shield     |       |       |       |       |     4 |       |       |     3 |     4 ||    11
       Summon Divine War |       |       |       |       |     2 |       |       |     2 |     3 ||     7
       Brand Weapon With |       |       |       |       |     1 |       |       |       |       ||     1
       Cleansing Flame   |       |       |       |       |       |       |       |     3 |    10 ||    13
Evoke: Wand              |       |     1 |     4 |     5 |       |       |       |       |       ||    10
       Box of beasts     |       |       |       |       |       |       |       |       |     2 ||     2
  Use: Scroll            |     6 |     4 |     6 |     4 |    12 |     6 |     4 |    17 |     9 ||    68
       Potion            |     1 |     7 |       |       |     2 |     4 |       |       |    10 ||    24
Armor: Robe              |    48 |    68 |    18 |       |     3 |       |       |       |       ||   137
       Skin              |       |    24 |       |       |    12 |    25 |       |       |       ||    61
       Steam dragon scal |       |       |    23 |   102 |   170 |    30 |       |       |       ||   325
       Fire dragon scale |       |       |       |       |       |   176 |       |       |       ||   176
       Swamp dragon scal |       |       |       |       |       |       |    79 |    13 |       ||    92
       Ice dragon scales |       |       |       |       |       |       |       |    93 |       ||    93
       Shadow dragon sca |       |       |       |       |       |       |       |    62 |       ||    62
       Gold dragon scale |       |       |       |       |       |       |       |    16 |   544 ||   560
Dodge: Dodged            |    78 |    99 |    68 |   133 |   208 |   162 |    98 |   109 |   159 ||  1114
Block: Other             |       |    37 |    13 |       |     8 |       |       |    18 |    35 ||   111
       Reflection        |       |     1 |       |       |       |       |       |       |       ||     1

Table legend: (Time is in decaauts)
 A = Elapsed time spent in this place.
 B = Non-inter-level travel time spent in this place.
 C = Inter-level travel time spent in this place.
 D = Time resting spent in this place.
 E = Time spent auto-exploring this place.
 F = Levels seen in this place.
 G = Mean time per level.
                   A        B        C        D        E       F      G
               +--------+--------+--------+--------+--------+-----+--------+
         Total |  95035 |  87229 |   7806 |  15365 |  56338 |  58 | 1638.5 |
       Dungeon |  22541 |  19766 |   2775 |   1900 |  14117 |  15 | 1502.7 |
        Temple |    285 |    239 |     46 |      0 |    184 |   1 |  285.0 |
          Lair |   9519 |   8572 |    947 |    702 |   6255 |   5 | 1903.8 |
         Swamp |   5790 |   5379 |    411 |   1606 |   2659 |   4 | 1447.5 |
     Snake Pit |   9941 |   9214 |    727 |   2777 |   4605 |   4 | 2485.2 |
    Slime Pits |   2943 |   2793 |    150 |   1060 |   1164 |   5 |  588.6 |
  Orcish Mines |   2415 |   1984 |    431 |    228 |   1355 |   2 | 1207.5 |
   Elven Halls |   5385 |   5007 |    378 |   1183 |   3141 |   3 | 1795.0 |
        Vaults |  15512 |  14229 |   1283 |   2280 |  10075 |   5 | 3102.4 |
         Crypt |   4942 |   4752 |    190 |    319 |   3641 |   3 | 1647.3 |
        Depths |   8601 |   8237 |    364 |   2024 |   4894 |   4 | 2150.2 |
           Zot |   5778 |   5680 |     98 |    777 |   3836 |   5 | 1155.6 |
        Wizlab |    938 |    938 |      0 |    395 |    293 |   1 |  938.0 |
      Gauntlet |    441 |    441 |      0 |    110 |    117 |   1 |  441.0 |
               +--------+--------+--------+--------+--------+-----+--------+

Top non-repeatable levels by time:
Vaults:3: 4580 daAuts
 Snake:4: 4236 daAuts
Vaults:1: 3538 daAuts
Vaults:2: 3058 daAuts
  Lair:5: 2892 daAuts
Depths:4: 2838 daAuts
Vaults:4: 2649 daAuts
 Snake:3: 2504 daAuts
   Elf:2: 2439 daAuts
 Swamp:4: 2208 daAuts
Depths:1: 2176 daAuts
Depths:2: 2108 daAuts
 Crypt:3: 2001 daAuts
  Lair:3: 1876 daAuts
  Lair:4: 1875 daAuts
